 Dungeon Sprint DCSS version 0.26-a0-652-gafc20e3620 (webtiles) character file.

Game seed: 3244032004709415909

103 Conn the Fighter (level 4, -1/58 HPs)
             Began as an Ogre Abyssal Knight on Oct 2, 2020.
             Was a Believer of Lugonu.
             Slain by Sigmund
             ... wielding a +0 scythe
              (5 damage)
             ... in the Dungeon (Sprint I: "Red Sonja").
             The game lasted 00:03:09 (301 turns).

Conn the Fighter (Ogre Abyssal Knight)               Turns: 301, Time: 00:03:10

Health: -1/58      AC:  3    Str: 17    XL:     4   Next: 79%
Magic:  6/6        EV: 11    Int: 13    God:    Lugonu [**....]
Gold:   54         SH:  0    Dex:  8    Spells: 3/3 levels left

rFire    . . .     SeeInvis .   a - +1 spear
rCold    . . .     Faith    .   (no shield)
rNeg     . . .     Spirit   .   b - +0 robe
rPois    .         Reflect  .   (helmet restricted)
rElec    .         Harm     .   (no cloak)
rCorr    .         Rampage  .   (gloves unavailable)
MR       .....     NoTele   +   (boots unavailable)
Stlth    +.........             (no amulet)
HPRegen  0.19/turn              (no ring)
MPRegen  0.10/turn              (no ring)

@: hasted, very quick
A: large, unfitting armour, tough skin 1
a: Bend Space, Renounce Religion


You were in the Dungeon.
You worshipped Lugonu.
Lugonu was pleased with you.
You visited 1 branch You collected 54 gold pieces.

Inventory:

Hand Weapons
 a - a +1 spear (weapon)
 g - a +0 giant club
Armour
 b - a +0 robe (worn)
Potions
 f - 2 potions of magic


   Skills:
 + Level 8.8 Fighting
 + Level 5.0 Polearms
 + Level 4.3 Dodging
 + Level 3.2 Invocations


You had 3 spell levels left.
You didn't know any spells.
Your spell library was empty.

Dungeon Overview and Level Annotations

Branches:
Dungeon (1/1)

Altars:

Annotations:
D Sigmund


Innate Abilities, Weirdness & Mutations

You are too large for most types of armour.
You have tough skin. (AC +1)


Message History

You close the door, pushing everything out of the way.
Okay, then.
You don't know any spells.
a - a +1 spear (weapon)
There is a fountain of clear blue water here.
You start resting.
Something unseen opens the door.
You start resting.
Something tries to affect you, but you resist.
Okay, then.
You aren't carrying any scrolls.
Unknown command.
A magic dart appears from out of thin air!
The magic dart hits you.
* * * LOW HITPOINT WARNING * * *
There is a fountain of clear blue water here.
Evoke which item? (* to show all) (? for menu, Esc to quit)
Press: ? - help, Dir - move target cursor You reach to attack!
You hit something. Something hits you.
You die...

#############
#<.#..†..#..+
#.÷'..#..§{.#
#..#####'####
#..# #..#
#.@# ####
#..# #⌠⌠#
####


There were no monsters in sight!

Vanquished Creatures
  An ogre (D)
  Ijyb (D)
2 creatures vanquished.

Notes
Turn   | Place    | Note
-------+----------+-------------------------------------------
     0 | D        | Conn the Ogre Abyssal Knight began the quest for the Orb.
     0 | D        | Reached XP level 1. HP: 24/24 MP: 2/2
     2 | D        | Noticed Ijyb
    26 | D        | Killed Ijyb
    26 | D        | Reached skill level 6 in Fighting
    26 | D        | Reached XP level 2. HP: 13/37 MP: 3/3
    26 | D        | Reached XP level 3. HP: 16/45 MP: 4/4
   214 | D        | Noticed an ogre
   219 | D        | Killed an ogre
   219 | D        | Reached ** piety under Lugonu
   219 | D        | Reached skill level 8 in Fighting
   219 | D        | Reached skill level 5 in Polearms
   219 | D        | Reached XP level 4. HP: 58/58 MP: 4/6
   265 | D        | Noticed Sigmund
   301 | D        | Slain by Sigmund

Illustrated notes

Levels and vault maps discovered:
D:        dungeon_sprint_1 [red_sonja_temple_1, red_sonja_temple_small_1]

Skill      XL: |  1  2  3 |
---------------+----------+-----
Fighting       | 6 8 |  8.8
Polearms       | 3 5 |  5.0
Dodging        | 3 4 |  4.3
Invocations    | 3 |  3.2

Action                   |  1- 3 |  4- 6 || total
-------------------------+-------+-------++-------
Melee: Spear             |    28 |     1 ||    29
       Giant club        |       |    13 ||    13
  Use: Potion            |     1 |     3 ||     4
       Scroll            |       |     1 ||     1
Armor: Robe              |     3 |     2 ||     5
Dodge: Dodged            |    13 |     4 ||    17

Table legend: (Time is in decaauts)
 A = Elapsed time spent in this place.
 B = Non-inter-level travel time spent in this place.
 C = Inter-level travel time spent in this place.
 D = Time resting spent in this place.
 E = Time spent auto-exploring this place.
 F = Levels seen in this place.
 G = Mean time per level.
                   A        B        C        D        E       F      G
               +--------+--------+--------+--------+--------+-----+--------+
         Total |    308 |    308 |      0 |    227 |      0 |   1 |  308.0 |
       Dungeon |    308 |    308 |      0 |    227 |      0 |   1 |  308.0 |
               +--------+--------+--------+--------+--------+-----+--------+

Top non-repeatable levels by time:
       D: 308 daAuts
